 Dungeon Crawl Stone Soup version 0.16-a0-3061-g1c4ddba (webtiles) character file.

245 DEFE the Charmwright (level 5, -1/36 HPs)
             Began as a High Elf Skald on Dec 10, 2014.
             Was an Initiate of Ashenzari.
             Slain by a phantom (5 damage)
             ... on level 4 of the Dungeon.
             The game lasted 00:15:15 (5026 turns).

DEFE the Charmwright (High Elf Skald)               Turns: 5026, Time: 00:15:16

Health: -1/36      AC:  4    Str: 12    XL:     5   Next: 83%
Magic:  2/14       EV: 12    Int: 16    God:    Ashenzari [......]
Gold:   210        SH:  0    Dex: 14    Spells: 4 memorised, 3 levels left

rFire  + . .     SeeInvis .     a - +0 falchion
rCold  . . .     Clarity  .     p - +0 robe {rF+}
rNeg   . . .     SustAb   .     (no shield)
rPois  .         Gourm    .     n - +0 helmet (curse)
rElec  .         Spirit   .     (no cloak)
rCorr  .         Warding  .     i - +0 pair of gloves
rMut   .         Stasis   .     (no boots)
MR     .....                    (no amulet)
Stlth  +.........               (no ring)
                                (no ring)

@: infused, very slightly contaminated, not resistant to hostile enchantments,
very unstealthy
A: no striking features
a: Renounce Religion


You were on level 4 of the Dungeon.
You worshipped Ashenzari.
Ashenzari was noncommittal.
You were very hungry.

You visited 2 branches of the dungeon, and saw 5 of its levels.

You collected 210 gold pieces.

Inventory:

Hand weapons
 a - a +0 falchion (weapon)
 o - a +2 dagger of venom
Armour
 b - a +0 leather armour
 i - a +0 pair of gloves (worn)
 n - a cursed +0 helmet (worn)
 p - a +0 robe of fire resistance (worn)
Jewellery
 g - an uncursed amulet of guardian spirit
Scrolls
 e - a scroll of blinking
 f - a scroll of teleportation
 j - a scroll of recharging {unknown}
 k - a scroll of fear {unknown}
 q - a scroll of magic mapping {unknown}
 r - a scroll of remove curse
 v - a scroll of random uselessness {unknown}
 w - a scroll of noise {unknown}
 x - a scroll of identify {unknown}
Potions
 h - a potion of lignification {unknown}
 l - 2 potions of agility {unknown}
 m - a potion of poison {unknown}
 s - a potion of might {unknown}
 z - a potion of brilliance {unknown}
Books
 c - a book of Battle

   Spells                             Type                      Level
   a - Infusion                       Charms                       1
   b - Shroud of Golubria             Charms/Translocation         2
   c - Song of Slaying                Charms                       2
   d - Spectral Weapon                Hexes/Charms                 3
   e - Regeneration                   Charms/Necromancy            3
 u - a book of Beasts

   Spells                             Type                      Level
   a - Summon Butterflies             Summoning                    1
   b - Call Canine Familiar           Summoning                    3
   c - Summon Ice Beast               Ice/Summoning                4
   d - Summon Mana Viper              Hexes/Summoning              5
   e - Monstrous Menagerie            Summoning                    6
   f - Summon Hydra                   Summoning                    7
Comestibles
 d - 2 bread rations
 t - 5 fruits


   Skills:
 + Level 3.1 Fighting
 * Level 4.5 Long Blades
 - Level 1.0 Armour
 + Level 2.2 Dodging
 + Level 3.5 Spellcasting
 + Level 4.9 Charms


You had 3 spell levels left.
You knew the following spells:

 Your Spells              Type           Power        Failure   Level  Hunger
a - Infusion              Chrm           ###...       2%          1    None
b - Regeneration          Chrm/Necr      ##........   21%         3    ###....
c - Shroud of Golubria    Chrm/Tloc      ##........   12%         2    ##.....
d - Song of Slaying       Chrm           ###.....     4%          2    ##.....


Dungeon Overview and Level Annotations

Branches:
Dungeon (4/15)             Temple (1/1) D:4

Altars:
Ashenzari
Cheibriados
Elyvilon
Kikubaaqudgha
Ru
Xom
Yredelemnul
Zin
The Shining One

Annotations:
D:2 Sigmund


Message History

You miscast Regeneration.
You are very lightly contaminated with residual magic.
Your skin tingles.
Your shroud bends the phantom's attack away.
You closely miss the phantom.
The phantom is severely damaged.
Your shroud bends the phantom's attack away.
Casting: Regeneration
Confirm with . or Enter, or press ? or * to list all spells.
Okay, then.
You hit the phantom.
The phantom is severely damaged.
The phantom hits you!
* * * LOW HITPOINT WARNING * * *
Your shroud falls apart!
Drink which item? (? for menu, Esc to quit)
Okay, then.
The phantom blinks!
The phantom hits you.
You die...

...##........W..?....
...######
##.##.######<###.####
#......## .#.....#####.# #.#
######.####...
.#......)..#.# #.#
#.......)..>.#
.###...###.#.# #.#
#.####.##....# .####W##
#.#.# #.# #.........#...
.#....# #.#.# #.#
#..######....# ......# #)#.#
#.# #..# ##.#)#
W#...#####.#.# #@###..#
#.#.# .##...._..>#.#
#W....># #.#.#
.##..#####.#.# ##<###.#
#...# .#.........#.# #.# #.#
#.### .##..#####.#.# #.# #.#
#.# ##...# #.#.####.# #[#
#.# #..# #........# #.#
#<### . ###.###### #.# #....
#######.########.#######.#..


You could see a phantom.

Vanquished Creatures
  2 orc priests
  2 orc wizards
  Jessica (D:2)
  3 adders
  3 giant geckos
  An ooze (D:2)
  9 orcs
  5 bats
  3 giant cockroaches
  5 hobgoblins
  13 jackals
  A quokka (D:4)
  4 giant newts
  8 goblins
  8 kobolds
  6 rats
74 creatures vanquished.

Notes
Turn   | Place    | Note
--------------------------------------------------------------
     0 | D:1      | DEFE, the High Elf Skald, began the quest for the Orb.
     0 | D:1      | Reached XP level 1. HP: 14/14 MP: 4/4
   107 | D:1      | Reached skill level 1 in Armour
   664 | D:1      | Reached XP level 2. HP: 9/19 MP: 6/6
   666 | D:1      | Reached skill level 4 in Charms
  1804 | D:1      | Reached XP level 3. HP: 23/25 MP: 8/8
  2201 | D:2      | Learned a level 3 spell: Regeneration
  2204 | D:2      | Learned a level 2 spell: Shroud of Golubria
  2206 | D:2      | Noticed Jessica
  2211 | D:2      | Noticed Sigmund
  2584 | D:2      | Killed Jessica
  2687 | D:3      | Reached XP level 4. HP: 30/30 MP: 12/12
  3502 | D:4      | Learned a level 2 spell: Song of Slaying
  3529 | D:4      | Reached XP level 5. HP: 29/35 MP: 10/14
  3861 | D:4      | Found a staircase to the Ecumenical Temple.
  3877 | Temple   | Entered the Ecumenical Temple
  3899 | Temple   | Became a worshipper of Ashenzari the Shackled
  4272 | D:4      | Found a basalt altar of Yredelemnul.
  4476 | D:4      | Found a sacrificial altar of Ru.
  4663 | D:4      | Noticed a phantom
  5026 | D:4      | Slain by a phantom

Action                   |  1- 3 |  4- 6 || total
-------------------------+-------+-------++-------
Melee: Falchion          |   165 |   180 ||   345
 Cast: Infusion          |     2 |     9 ||    11
       Regeneration      |     1 |     5 ||     6
       Shroud of Golubri |     1 |     3 ||     4
  Use: Potion            |     1 |       ||     1
       Scroll            |     1 |     2 ||     3
  Eat: Chunk             |     6 |     6 ||    12
       Pizza             |       |     1 ||     1
